 Dungeon Crawl Stone Soup version 0.31.0-9-g3a7656b989 (webtiles) character file.

Game seed: 7839253090358290002

993 ProzacElf the Cleaver (level 7, -1/57 HPs)
             Began as a Minotaur Delver on Jan 24, 2024.
             Was a Follower of Elyvilon.
             Incinerated by a bombardier beetle (4 damage)
             ... with a burning spray
             ... on level 5 of the Dungeon.
             The game lasted 00:10:29 (3701 turns).

ProzacElf the Cleaver (Minotaur Delver)             Turns: 3701, Time: 00:10:30

Health: -1/57      AC: 15    Str: 17    XL:     7   Next: 98%
Magic:  8/8        EV: 12    Int: 14    God:    Elyvilon [*.....]
Gold:   252        SH:  0    Dex: 13    Spells: 6/6 levels left

rFire   . . .        a - +2 hand axe of Haohoisch {heavy, *Noise Int+7 Dex+2}
rCold   . . .        (no shield)
rNeg    . . .        o - +3 ring mail of the King of the Hill {+Inv rPois Dex-2 Stlth+}
rPois   +            (helmet restricted)
rElec   .            B - +1 cloak {Will+}
rCorr   +            (no gloves)
SInv    .            x - +0 pair of boots
Will    +....        (no amulet)
Stlth   ++           r - ring of resist corrosion
HPRegen 0.29/turn    y - +4 ring of protection {=R}
MPRegen 0.11/turn

%: no passive effects
@: on fire, attractive, glowing
A: horns 2, retaliatory headbutt
a: Renounce Religion, Evoke Invisibility, Purification


You were on level 5 of the Dungeon.
You worshipped Elyvilon.
Elyvilon was aware of your devotion.
You visited 1 branch of the dungeon, and saw 5 of its levels.

You collected 252 gold pieces.

Inventory:

Hand Weapons
 a - the +2 hand axe of Haohoisch (weapon) {heavy, *Noise Int+7 Dex+2}
   (You found it on level 2 of the Dungeon)

   Int+7:     It affects your intelligence (+7).
   Dex+2:     It affects your dexterity (+2).
   *Noise:    It may make a loud noise when swung.
 n - a +2 whip of distortion
 s - a +0 hand axe
Missiles
 t - 3 javelins (quivered)
 w - 6 poisoned darts
Armour
 b - a +0 leather armour
 o - the +3 ring mail of the King of the Hill (worn) {+Inv rPois Dex-2 Stlth+}
   (You found it on level 2 of the Dungeon)

   Dex-2:     It affects your dexterity (-2).
   rPois:     It protects you from poison +Inv: It lets you turn invisible.
   Stlth+:    It makes you more stealthy.
 x - a +0 pair of boots (worn)
 B - a +1 cloak of willpower (worn)
Jewellery
 r - a ring of resist corrosion (left hand)
 y - a +4 ring of protection (right hand) {=R}
Wands
 g - a wand of digging (3)
 j - a wand of polymorph (15)
Scrolls
 c - a scroll of fog
 d - 2 scrolls of revelation
 e - a scroll of fear
 h - 3 scrolls of teleportation {unknown}
 k - 6 scrolls of identify {unknown}
 p - a scroll of butterflies {unknown}
 q - a scroll of blinking {unknown}
 u - a scroll of silence {unknown}
 v - a scroll of vulnerability {unknown}
 A - a scroll of poison {unknown}
Potions
 f - 3 potions of haste
 i - 4 potions of attraction
 l - a potion of curing {unknown}
 m - a potion of ambrosia {unknown}
 z - 2 potions of degeneration {unknown}


   Skills:
 - Level 3.6 Fighting
 + Level 8.3 Axes
 - Level 5.0 Dodging
 - Level 5.0 Stealth
 + Level 3.4 Invocations


You had 6 spell levels left.
You didn't know any spells.
Your spell library contained the following spells:

 Spells                   Type           Power      Damage    Failure   Level
 Ozocubu's Armour         Ice            0%         N/A       85%         3
 Metabolic Englaciation   Hex/Ice        0%         N/A       100%        5
 Sculpt Simulacrum        Ice/Alch       0%         N/A       100%        6


Dungeon Overview and Level Annotations

Branches:
Dungeon (5/15)
 Temple: D:4-7

Altars:
Elyvilon

Shops:
D:5 [


Innate Abilities, Weirdness & Mutations

You have a pair of horns on your head.
You reflexively headbutt those who attack you in melee.


Message History

Ye barely miss tha bombardier beetle.
Tha liquid fire burns ye!
Ye take 6 damage, an' haf 47/57 hp.
Ye slash tha bombardier beetle!
Tha bombardier beetle be heavily wounded.
Tha liquid fire burns ye!
Tha bombardier beetle closely misses ye.
Ye furiously retaliate!
Ye headbutt tha bombardier beetle.
Ye take 6 damage, an' haf 41/57 hp.
Ye slash tha bombardier beetle!
Ye kill tha bombardier beetle!
Tha liquid fire burns ye!
Ye take 5 damage, an' haf 36/57 hp.
Ye be on fire!
Ye be on fire!
Ye be on fire!
Tha liquid fire burns ye!
Ye take 3 damage, an' haf 33/57 hp.
Tha liquid fire burns ye!
Ye take 4 damage, an' haf 29/57 hp.
Tha liquid fire burns ye!
Ye take 2 damage, an' haf 27/57 hp.
Tha liquid fire burns ye!
Ye take 6 damage, an' haf 21/57 hp.
Tha liquid fire burns ye!
* * * LOW HITPOINT WARNIN'
* * * Ye take 3 damage, an' haf 18/57 hp.
Tha liquid fire burns ye!
* * * LOW HITPOINT WARNIN'
* * * Ye take 6 damage, an' haf 12/57 hp.
Tha liquid fire burns ye!
* * * LOW HITPOINT WARNIN'
* * * Ye take 5 damage, an' haf 7/57 hp.
Tha liquid fire burns ye!
* * * LOW HITPOINT WARNIN'
* * * Ye take 4 damage, an' haf 3/57 hp.
It was a potion o' attraction.
Ye feel attractive ta monsters.
Tha liquid fire burns ye!
Ye die...

... ............
+...# #.... ..
#...........###...#
#... <.
#...........###.†.##
#.. #.........
.##....# #.#
.......... .##)...#
#.# ..........
.##....## #.#
.##.....# #.###
####†##...#..# #....
#..@....∩.....######
#.............#
#.............#
###.............
#.................
#.................
#.................
#....#### .......
#....# .......


There were no monsters in sight!

Vanquished Creatures
  Eustachio (D:4)
  A fire bat (D:3)
  Menkaure (D:4)
  A black bear (D:4)
  A phantom (D:5)
  4 bombardier beetles
  Crazy Yiuf (D:4)
  A hound (D:4)
  A jelly (D:4)
  An iguana (D:4)
  Robin (D:4)
  3 gnolls (D:5)
  An adder (D:3)
  A shadow imp (D:5)
  2 ribbon worms (D:2)
  2 dart slugs
  2 orcs
  8 ball pythons
  9 endoplasms
  5 giant cockroaches
  13 goblins
  13 hobgoblins
  8 jackals
  9 kobolds
  5 quokkas
  2 bats (D:2)
  5 frilled lizards
  6 rats
108 creatures vanquished.

Notes
Turn   | Place    | Note
-------+----------+-------------------------------------------
     0 | D:5      | ProzacElf the Minotaur Delver began the quest for the Orb.
     0 | D:5      | Reached XP level 1. HP: 19/19 MP: 0/0
    35 | D:5      | Noticed a black bear
    93 | D:5      | Noticed a scorpion
   525 | D:1      | Reached XP level 2. HP: 26/26 MP: 1/1
   680 | D:1      | Reached skill level 3 in Axes
   920 | D:1      | Reached XP level 3. HP: 31/31 MP: 2/2
  1332 | D:2      | Identified the +3 ring mail of the King of the Hill {+Inv
                  | rPois Dex-2 Stlth+}
  1616 | D:2      | Identified the +2 hand axe of Haohoisch {heavy, *Noise
                  | Int+7 Dex+2}
  1798 | D:2      | Reached skill level 5 in Stealth
  1922 | D:3      | Found a white marble altar of Elyvilon.
  1928 | D:3      | Became a worshipper of Elyvilon the Healer
  1950 | D:3      | Reached XP level 4. HP: 39/39 MP: 3/3
  1983 | D:3      | Noticed Ijyb
  2021 | D:3      | Ijyb changed into Ijyb the fire bat
  2021 | D:3      | Noticed Ijyb
  2026 | D:3      | Killed Ijyb the fire bat
  2027 | D:3      | Reached skill level 5 in Axes
  2027 | D:3      | Reached XP level 5. HP: 35/45 MP: 4/4
  2533 | D:4      | Reached XP level 6. HP: 51/51 MP: 5/5
  2686 | D:4      | Reached * piety under Elyvilon
  2789 | D:4      | Reached skill level 6 in Axes
  2961 | D:4      | Noticed Eustachio
  2978 | D:4      | Killed Eustachio
  2979 | D:4      | Reached skill level 7 in Axes
  2979 | D:4      | Reached skill level 5 in Dodging
  2979 | D:4      | Reached XP level 7. HP: 52/57 MP: 6/6
  3105 | D:4      | Noticed Menkaure
  3116 | D:4      | Killed Menkaure
  3138 | D:4      | Noticed Robin
  3143 | D:4      | Killed Robin
  3438 | D:4      | Found a runed translucent door.
  3439 | D:4      | Noticed Crazy Yiuf
  3448 | D:4      | Killed Crazy Yiuf
  3657 | D:5      | Reached skill level 8 in Axes
  3673 | D:5      | Found Disch's Armour Emporium.
  3700 | D:5      | HP: 2/57 [burnt (5)]
  3701 | D:5      | Incinerated by a bombardier beetle

Illustrated notes

Levels and vault maps discovered:
D:1:      dpeg_arrival_arbitrary_a, layout_loops_ring, minmay_indecisive_spiral
D:2:      layout_loops_ring
D:3:      layout_basic, elyvilon_altar_4, uniq_ijyb
D:4:      layout_loops_ring, uniq_robin, uniq_eustachio,
          uniq_crazy_yiuf_cottage, uniq_menkaure
D:5:      layout_basic, serial_shops, shop

Skill      XL: |  1  2  3  4  5  6  7 |
---------------+----------------------+-----
Axes           | 3 5 7 8 |  8.3
Stealth        | 5 |  5.0
Dodging        | 3 4 5 |  5.0
Invocations    | 3 |  3.4
Fighting       | |  3.6

Action                     |  1- 3 |  4- 6 |  7- 9 || total
---------------------------+-------+-------+-------++-------
  Melee: Hand axe          |    85 |    53 |    62 ||   200
         Headbutt          |    11 |     5 |    11 ||    27
         Punch             |       |       |     2 ||     2
  Evoke: Wand              |     2 |     1 |       ||     3
    Use: Potion            |       |       |     1 ||     1
   Stab: Sleeping          |    17 |     4 |       ||    21
         Distracted        |       |     3 |     1 ||     4
 Armour: Leather armour    |    22 |       |       ||    22
         Ring mail         |    18 |    42 |    31 ||    91
  Dodge: Dodged            |    46 |    38 |    38 ||   122

Action                     |  1- 3 |  4- 6 |  7- 9 || total
---------------------------+-------+-------+-------++-------
  Melee: Hand axe          |    85 |    53 |    62 ||   200
         Headbutt          |    11 |     5 |    11 ||    27
         Punch             |       |       |     2 ||     2
  Evoke: Wand              |     2 |     1 |       ||     3
    Use: Potion            |       |       |     1 ||     1
   Stab: Sleeping          |    17 |     4 |       ||    21
         Distracted        |       |     3 |     1 ||     4
 Armour: Leather armour    |    22 |       |       ||    22
         Ring mail         |    18 |    42 |    31 ||    91
  Dodge: Dodged            |    46 |    38 |    38 ||   122

Levels and vault maps discovered:
D:1:      dpeg_arrival_arbitrary_a, layout_loops_ring, minmay_indecisive_spiral
D:2:      layout_loops_ring
D:3:      layout_basic, elyvilon_altar_4, uniq_ijyb
D:4:      layout_loops_ring, uniq_robin, uniq_eustachio,
          uniq_crazy_yiuf_cottage, uniq_menkaure
D:5:      layout_basic, serial_shops, shop
